AoeStats
← YELOH?????

Arabia

506028930Analyzed
3v3 RM · 20d ago on Sep 12, 2026· 85m 39s· 6 players
Game mode
Random Map
Map size
Normal (6 player)
Population
200
Speed
Normal
Resources
Standard
Victory
Conquest
Starting age
Dark Age
Ending age
Imperial Age
RankedLock teamsTeams togetherTeam positionsShared explorationLock speedFull tech treeHidden civsTurbo modeCheats
Victory
Defeat
🇨🇱 Maya · Chile
852
+15
🇨🇱 Magyars · Chile
806
+16
🇨🇱 Celts · Chile
782
+17
🇨🇱 Gurjaras · Chile
828
-24
🇨🇱 Koreans · Chile
818
-16
🇨🇱 Huns · Chile
804
-16
Player Kuroashi
11:33 Feudal Age
12:32 Double-Bit Axe
15:03 Loom
16:30 Horse Collar
20:15 Bloodlines
22:14 Castle Age
21:38 Scale Barding Armor
23:29 Wheelbarrow
23:46 Husbandry
23:55 Heavy Plow
35:30 Corvinian Army
39:20 Imperial Age
37:10 Hand Cart
37:23 Stone Mining
37:24 Gold Mining
39:39 Chain Barding Armor
40:38 Conscription
42:27 Elite Magyar Huszar
48:07 Plate Barding Armor
54:53 Bow Saw
58:43 Coinage
61:26 Crop Rotation
Patoown
8:19 Loom
11:37 Feudal Age
14:47 Double-Bit Axe
15:29 Padded Archer Armor
15:33 Gold Mining
20:29 Castle Age
18:54 Fletching
21:25 Crossbowman
22:04 Bodkin Arrow
23:31 Leather Archer Armor
23:34 Bow Saw
25:49 Gold Shaft Mining
25:48 Stone Mining
26:03 Horse Collar
29:00 Stone Shaft Mining
30:58 Ballistics
31:18 Wheelbarrow
38:15 Imperial Age
40:05 Conscription
41:18 Hand Cart
40:56 Town Watch
43:38 Chemistry
42:49 Masonry
42:22 Treadmill Crane
43:01 Town Patrol
43:38 Heavy Plow
44:29 Town Patrol
46:20 Elite Woad Raider
50:06 Furor Celtica
49:23 Capped Ram
52:35 Siege Ram
56:43 Pikeman
57:51 Halberdier
77:40 Arson
77:46 Gambesons
78:50 Hoardings
77:46 Sappers
79:35 Elite Skirmisher
80:50 Heavy Scorpion
Dj Jet CL
0:25 Loom
11:15 Feudal Age
13:17 Double-Bit Axe
29:23 Fletching
34:54 Castle Age
36:01 Stone Mining
36:24 Bow Saw
37:42 Wheelbarrow
37:14 Hul'che Javelineers
37:35 Padded Archer Armor
38:40 Horse Collar
39:28 Hand Cart
39:35 Elite Skirmisher
41:40 Town Watch
42:40 Heavy Plow
43:31 Thumb Ring
46:32 Ballistics
46:29 Gold Mining
49:36 Imperial Age
48:09 Town Patrol
48:46 Bodkin Arrow
51:25 Two-Man Saw
51:31 Chemistry
51:16 Scale Mail Armor
51:57 Squires
51:18 Pikeman
52:47 Crop Rotation
53:03 Conscription
53:04 Leather Archer Armor
53:35 Chain Mail Armor
57:17 Halberdier
59:02 Bracer
65:15 Arson
79:04 Ring Archer Armor
79:05 Plate Mail Armor
78:46 Forging
86:39 Iron Casting
YELOH?????
8:04 Loom
11:17 Feudal Age
20:12 Castle Age
19:41 Fletching
19:51 Padded Archer Armor
22:58 Leather Archer Armor
24:28 Bodkin Arrow
28:54 Wheelbarrow
28:01 Horse Collar
28:08 Double-Bit Axe
29:27 Gold Mining
29:53 Bow Saw
33:09 Heavy Plow
36:21 Imperial Age
35:09 Thumb Ring
35:26 Forging
35:22 Scale Barding Armor
36:20 Bloodlines
38:06 Bracer
38:33 Chain Barding Armor
38:53 Heavy Camel Rider
40:13 Husbandry
41:32 Elite Elephant Archer
43:50 Plate Barding Armor
44:42 Iron Casting
45:32 Frontier Guards
46:37 Chemistry
45:59 Ballistics
46:54 Conscription
48:21 Crop Rotation
66:15 Kshatriyas
71:04 Scale Mail Armor
71:24 Hand Cart
73:33 Elite Chakram Thrower
75:37 Chain Mail Armor
77:49 Plate Mail Armor
82:21 Town Watch
83:04 Caravan
norgotror
9:45 Feudal Age
11:05 Loom
18:33 Bloodlines
19:46 Forging
21:16 Scale Barding Armor
26:55 Castle Age
27:12 Double-Bit Axe
28:46 Wheelbarrow
29:43 Iron Casting
29:26 Husbandry
36:08 Hand Cart
35:41 Light Cavalry
36:54 Horse Collar
38:59 Bow Saw
43:38 Chain Barding Armor
44:17 Heavy Plow
67:23 Imperial Age
68:10 Cavalier
71:38 Two-Man Saw
70:42 Fletching
71:52 Blast Furnace
Tr3sh3
4:19 Loom
10:38 Feudal Age
23:40 Castle Age
23:04 Wheelbarrow
23:29 Double-Bit Axe
23:30 Horse Collar
31:08 Hand Cart
32:55 Fletching
39:00 Imperial Age
37:59 Gold Mining
38:39 Bow Saw
42:25 Chemistry
43:42 Forging
43:34 Scale Mail Armor
44:04 Heavy Plow
45:07 Two-Man Saw
44:22 Stone Mining
43:58 Elite War Wagon
45:39 Pikeman
59:44 Eupseong
61:22 Iron Casting
61:03 Chain Mail Armor
Connection lost

Rejoining the realm…

Still unreachable

The connection could not be restored.

Session expired

The server has moved on; the page needs a fresh start.